 Dungeon Crawl Stone Soup version 0.23.0-3-gf3c87f2df8 (webtiles) character file.

Game seed: 15677641616205641731

683098 syranez the Conqueror (level 27, -5/245 HPs)
             Began as a Hill Orc Monk on Feb 17, 2019.
             Was a Priest of Qazlal.
             Slain by Quaje the pandemonium lord (17 damage)
             ... on level 4 of the Dungeon on Feb 21, 2019.
             The game lasted 05:08:10 (93144 turns).

syranez the Conqueror (Hill Orc Monk)              Turns: 93144, Time: 05:08:10

Health: -5/245     AC: 43    Str: 31 (32) XL:     27
Magic:  45/45      EV: 21    Int: 23      God:    Qazlal [***...]
Gold:   6863       SH: 11    Dex: 11      Spells: 26/26 levels left

rFire    + + +     SeeInvis .   l - +1 morningstar of the Extremes {flame, +Blink MR+ Str+9 Dex-2}
rCold    + . .     Gourm    .   m - +3 buckler {AC+3}
rNeg     . . .     Faith    .   F - +4 gold dragon scales
rPois    +         Spirit   .   Q - +3 hat of Pondering {ponderous, MR+ MP+10 Int+5}
rElec    +         Reflect  .   C - +2 cloak {+Inv}
rCorr    .         Harm     .   j - +2 pair of gloves {archery}
MR       ++++.                  X - +2 pair of boots
Stlth    ..........             r - amulet of regeneration
HPRegen  0.90/turn              s - ring "Futemun" {*Slow rElec rPois rF+++ Int+6}
MPRegen  0.29/turn              p - +5 ring of evasion

@: lethally poisoned (-5 -> -5), hasted, very quick
A: clever 1, deformed body, deterioration 1, fire resistance 1, frail 1, low mp
1, poison resistance, screaming 1, electricity resistance, weak 2
0: Orb of Zot
}: 3/15 runes: decaying, silver, gossamer
a: Upheaval, Elemental Force, Renounce Religion, Evoke Blink, Evoke Invisibility


You were on level 4 of the Dungeon.
You worshipped Qazlal.
Qazlal was most pleased with you.
You were full.

You visited 9 branches of the dungeon, and saw 49 of its levels.
You visited the Abyss 1 time.

You collected 8393 gold pieces.
You spent 1530 gold pieces at shops.

Inventory:

Hand Weapons
 l - the +1 morningstar of the Extremes (weapon) {flame, +Blink MR+ Str+9 Dex-2}
   (You found it on level 2 of the Vaults)

   It has been specially enchanted to burn those struck by it, causing extra
   injury to most foes and up to half again as much damage against particularly
   susceptible opponents.
   It affects your strength (+9).
   It affects your dexterity (-2).
   It affects your resistance to hostile enchantments.
   It lets you blink.
Armour
 j - a +2 pair of gloves of archery (worn)
 m - a +3 buckler of protection (worn)
 C - a +2 cloak of invisibility (worn)
 F - +4 gold dragon scales (worn)
 M - the +2 hat "Sedaetyu" {SInv}
   (You acquired it on level 4 of the Realm of Zot)

   It lets you see invisible.
 Q - the +3 hat of Pondering (worn) {ponderous, MR+ MP+10 Int+5}
   (You took it off Gastronok on level 2 of the Lair of Beasts)

   It affects your intelligence (+5).
   It affects your resistance to hostile enchantments.
   It affects your magic capacity (+10).
 X - a +2 pair of boots (worn)
Jewellery
 e - the ring "Waenkyac" {MR+ Str+4}
   (You found it on level 4 of the Depths)

   [ring of protection from magic]

   It affects your strength (+4).
   It affects your resistance to hostile enchantments.
 p - a +5 ring of evasion (right hand)
 r - an amulet of regeneration (around neck)
 s - the ring "Futemun" (left hand) {*Slow rElec rPois rF+++ Int+6}
   (You found it on level 2 of the Swamp)

   [ring of intelligence]

   It affects your intelligence (+6).
   It renders you almost immune to fire.
   It insulates you from electricity.
   It protects you from poison.
   It may slow you when you take damage.
 u - a +6 ring of dexterity
 v - an uncursed ring of see invisible
 G - an uncursed ring of resist corrosion
 S - a +4 amulet of reflection
Wands
 g - a wand of polymorph (31)
 k - a wand of clouds (10)
 B - a wand of paralysis (10)
 E - a wand of disintegration (52)
 L - a wand of digging (23)
 O - a wand of acid (46)
 P - a wand of flame (27)
 T - a wand of scattershot (9)
 W - a wand of iceblast (80)
Scrolls
 h - 22 scrolls of teleportation
 i - 12 scrolls of immolation
 q - 35 scrolls of remove curse
 y - 4 scrolls of fog
 H - 4 scrolls of silence
 K - 2 scrolls of identify
 N - 3 scrolls of magic mapping
 R - a scroll of brand weapon
 Y - 2 scrolls of holy word
 Z - 5 scrolls of vulnerability
Potions
 a - 10 potions of ambrosia
 n - 3 potions of resistance
 t - a potion of mutation
 w - 6 potions of brilliance
 x - 8 potions of flight
 z - a potion of invisibility
 D - a potion of might
 I - 5 potions of cancellation
 J - 4 potions of haste
 U - 8 potions of lignification
Miscellaneous
 b - 7 sacks of spiders
 d - 2 phantom mirrors
Comestibles
 c - 46 rations


   Skills:
 O Level 27 Fighting
   Level 19.6(21.8) Axes
 - Level 15.0(18.0) Maces & Flails
 + Level 26.7 Armour
 + Level 19.8 Dodging
 - Level 7.3 Stealth
 - Level 4.0 Shields
 - Level 24.0 Invocations
 - Level 7.0 Evocations


You had 26 spell levels left.
You didn't know any spells.
Your spell library contained the following spells:

 Spells                   Type           Power        Failure   Level  Hunger
 Animate Skeleton         Necr           N/A          63%         1    ##.....
 Apportation              Tloc           #.....       63%         1    ##.....
 Confusing Touch          Hex            #.....       63%         1    ##.....
 Corona                   Hex            #......      63%         1    ##.....
 Flame Tongue             Conj/Fire      #....        63%         1    ##.....
 Magic Dart               Conj           #...         63%         1    ##.....
 Pain                     Necr           #...         63%         1    ##.....
 Shock                    Conj/Air       #...         63%         1    ##.....
 Sting                    Conj/Pois      #...         63%         1    ##.....
 Summon Butterflies       Summ           #.......     63%         1    ##.....
 Summon Small Mammal      Summ           #...         63%         1    ##.....
 Blink                    Tloc           N/A          77%         2    ###....
 Call Imp                 Summ           #.......     77%         2    ###....
 Ensorcelled Hibernation  Hex/Ice        #.....       77%         2    ###....
 Passwall                 Tmut/Erth      #.......     77%         2    ###....
 Poisonous Vapours        Pois/Air       #.....       77%         2    ###....
 Searing Ray              Conj           #.....       77%         2    ###....
 Slow                     Hex            #.......     77%         2    ###....
 Swiftness                Chrm/Air       #.......     77%         2    ###....
 Throw Flame              Conj/Fire      #.....       77%         2    ###....
 Call Canine Familiar     Summ           #.......     94%         3    ####...
 Confuse                  Hex            #.......     94%         3    ####...
 Conjure Flame            Conj/Fire      #.......     94%         3    ####...
 Dazzling Spray           Conj/Hex       #.....       94%         3    ####...
 Gell's Gravitas          Tloc           #.........   94%         3    ####...
 Ignite Poison            Fire/Tmut/Pois #.......     94%         3    ####...
 Inner Flame              Hex/Fire       #.......     94%         3    ####...
 Lesser Beckoning         Tloc           #.........   94%         3    ####...
 Mephitic Cloud           Conj/Pois/Air  #.......     94%         3    ####...
 Recall                   Summ/Tloc      N/A          94%         3    ####...
 Regeneration             Chrm/Necr      #.........   94%         3    ####...
 Static Discharge         Conj/Air       #.......     94%         3    ####...
 Summon Guardian Golem    Hex/Summ       #.......     94%         3    ####...
 Tukima's Dance           Hex            #.......     94%         3    ####...
 Vampiric Draining        Necr           #.........   94%         3    ####...
 Airstrike                Air            #.........   100%        4    #####..
 Animate Dead             Necr           N/A          100%        4    #####..
 Force Lance              Conj/Tloc      #.......     100%        4    #####..
 Fulminant Prism          Conj/Hex       #.........   100%        4    #####..
 Ice Form                 Ice/Tmut       #.......     100%        4    #####..
 Iskenderun's Mystic Bla  Conj           #.......     100%        4    #####..
 Leda's Liquefaction      Hex/Erth       #.........   100%        4    #####..
 Olgreb's Toxic Radiance  Pois           #.......     100%        4    #####..
 Petrify                  Tmut/Erth      #.......     100%        4    #####..
 Sticky Flame             Conj/Fire      #.......     100%        4    #####..
 Summon Ice Beast         Ice/Summ       #.......     100%        4    #####..
 Summon Lightning Spire   Summ/Air       #.......     100%        4    #####..
 Agony                    Necr           #.......     100%        5    ######.
 Alistair's Intoxication  Tmut/Pois      #.......     100%        5    ######.
 Bolt of Draining         Conj/Necr      #.........   100%        5    ######.
 Bolt of Magma            Conj/Fire/Erth #.........   100%        5    ######.
 Borgnjor's Vile Clutch   Necr/Erth      #.........   100%        5    ######.
 Fireball                 Conj/Fire      #.........   100%        5    ######.
 Irradiate                Conj/Tmut      #.........   100%        5    ######.
 Iskenderun's Battlesphe  Conj/Chrm      #.......     100%        5    ######.
 Lee's Rapid Deconstruct  Erth           #.........   100%        5    ######.
 Lightning Bolt           Conj/Air       #.........   100%        5    ######.
 Metabolic Englaciation   Hex/Ice        #.........   100%        5    ######.
 Summon Mana Viper        Hex/Summ       #.......     100%        5    ######.
 Venom Bolt               Conj/Pois      #.........   100%        5    ######.
 Yara's Violent Unravell  Hex/Tmut       #.........   100%        5    ######.
 Bolt of Cold             Conj/Ice       #.........   100%        6    #######
 Bolt of Fire             Conj/Fire      #.........   100%        6    #######
 Darkness                 Hex            #.........   100%        6    #######
 Death Channel            Necr           #.........   100%        6    #######
 Freezing Cloud           Conj/Ice/Air   #.........   100%        6    #######
 Hydra Form               Tmut           #.........   100%        6    #######
 Invisibility             Hex            #.......     100%        6    #######
 Iron Shot                Conj/Erth      #.........   100%        6    #######
 Ozocubu's Refrigeration  Ice            #.........   100%        6    #######
 Simulacrum               Ice/Necr       #.........   100%        6    #######
 Statue Form              Tmut/Erth      #........    100%        6    #######
 Dragon Form              Tmut           #.........   100%        7    #######
 Orb of Destruction       Conj           #.........   100%        7    #######
 Ring of Flames           Chrm/Fire      #.........   100%        7    #######
 Spellforged Servitor     Conj/Summ      #.........   100%        7    #######
 Summon Hydra             Summ           #.........   100%        7    #######
 Ignition                 Fire           #.........   100%        8    #######
 Shatter                  Erth           #.........   100%        9    #######
 Tornado                  Air            #.........   100%        9    #######
 Passage of Golubria      Tloc           Unusable     N/A         4    N/A

Dungeon Overview and Level Annotations

Branches:
Dungeon (15/15)            Temple (0/1) D:5            Lair (6/6) D:11
  Swamp (4/4) Lair:2       Spider (4/4) Lair:3        Slime (0/5) Lair:6
    Orc (2/2) D:12            Elf (3/3) Orc:2        Vaults (5/5) D:14
  Crypt (0/3) Vaults:3     Depths (5/5) D:15            Zot (5/5) Depths:5

Altars:
Cheibriados
Elyvilon
Fedhas
Hepliaklqana
Kikubaaqudgha
Makhleb
Nemelex Xobeh
Okawaru
Qazlal
Ru
Sif Muna
Uskayaw
Vehumet
Xom
Yredelemnul
Zin
The Shining One
Lugonu

Shops:
D:6 !   D:11 [   D:12 (   Orc:2 (:[*   Elf:2 }[=!   Vaults:2 }   Vaults:3 =
Vaults:4 (   Depths:2 :   Depths:4 (=

Portals:
Hell: Depths:1 Depths:2 Depths:4 Depths:5
Abyss: Depths:1 Depths:2 Depths:4 Depths:5
Pandemonium: Depths:3 Depths:4
Ziggurat: Depths:1

Annotations:
D:7 2 transporters, 1 runed translucent door, Crazy Yiuf; LostNumber's ghost, novice TrIE
D:10 2 transporters, Tarias's ghost, journeyman TrBe
D:11 1 runed translucent door, Laan's ghost, journeyman DEFE
D:15 3 runed translucent doors, Skippwaahh's ghost, adept KoAK
Elf:2 3 runed translucent doors
Depths:3 exclusion: hellion


Innate Abilities, Weirdness & Mutations

Your mind is acute. (Int +2)
Armour fits poorly on your strangely shaped body.
Your body sometimes deteriorates upon taking damage.
Your flesh is heat resistant. (rF+)
You are frail. (-10% HP)
Your magical capacity is low. (-10% MP)
Your system is resistant to poisons. (rPois)
You occasionally shout uncontrollably at your foes.
You are resistant to electric shocks. (rElec)
You are very weak. (Str -4)


Message History

Unknown command.
Unknown command.
Your blink will be uncontrolled - continue anyway?
The Orb prevents control of your translocation!
You blink.
As you read the scroll of blinking, it crumbles to dust.
You feel sick.
You feel yourself speed up.
You feel sick.
You feel sick.
You feel sick.
You see here a potion of degeneration.
Quaje barely misses you.
You feel sick.
There is a stone staircase leading up here.
You block Quaje's attack.
You climb upwards.
There is a stone staircase leading down here.
You feel sick. Quaje hits you!
You die...

#..............####.
###............###..
#....##.......##..#
###..##...........#
####................
#............###....
#..####.......##....
##&##.......####....
#.@................
##§..##............
#....#......[.....
###...............
#.......###.......
###......##.####..
###.......# #..
#.....#.## ###÷
#....#######...


You could see Quaje.

Vanquished Creatures
  7 orbs of fire (Zot:5)
  7 ancient liches
  Mennas (Depths:3)
  Sojobo (Depths:3)
  2 juggernauts
  Margery (Vaults:4)
  Saint Roka (Depths:4)
  Frederick (Depths:3)
  10 Killer Klowns
  4 curse toes
  A caustic shrike (Depths:1)
  13 golden dragons
  Nikola (Vaults:1)
  A profane servitor (Abyss:2)
  3 bone dragons
  A Tzitzimitl (Depths:2)
  4 electric golems
  6 liches
  A Hell Sentinel (D:13)
  27 Orb Guardians
  9 tentacled monstrosities
  2 Ice Fiends
  8 titans
  2 deep elf blademasters (Elf:2)
  2 deep elf master archers
  2 quicksilver dragons
  7 death cobs
  Gastronok (Lair:2)
  8 sphinxes
  18 storm dragons
  6 draconian monks
  Agnes (Spider:1)
  7 tengu reavers
  Kirke (D:13)
  12 shadow dragons
  5 draconian knights
  8 frost giants
  15 fire giants
  4 deep elf sorcerers
  5 iron dragons
  25 vault wardens
  6 draconian scorchers
  An orc warlord (Orc:1)
  5 emperor scorpions
  The ghost of Xenug the Severer, an adept GrFi of the Shining One (Swamp:2)
  2 caustic shrike zombies
  8 ghost moths
  4 draconian stormcallers
  An angel (D:15)
  6 deep elf elementalists
  22 ironheart preservers
  A juggernaut zombie (Depths:1)
  A caustic shrike skeleton (Depths:2)
  7 reapers
  6 draconian annihilators
  4 draconian shifters
  A juggernaut skeleton (Depths:2)
  4 entropy weavers
  6 green draconians
  23 stone giants
  2 vampire knights (Depths:2)
  11 very ugly things
  12 deep elf demonologists
  6 starcursed masses (Abyss:2)
  8 purple draconians
  9 black draconians
  5 red draconians
  10 deep elf annihilators
  12 white draconians
  4 spark wasps
  7 yellow draconians
  7 statues (Depths:3)
  A blizzard demon (Zot:1)
  15 deep elf death magi
  An ettin (shapeshifter) (D:15)
  2 merfolk javelineers (Depths:5)
  9 fire dragons
  Josephine (Swamp:1)
  14 ettins
  5 deep elf high priests
  13 yaktaur captains
  12 ice dragons
  21 ogre magi
  14 great orbs of eyes
  6 jiangshi
  3 ghost crabs
  A hell beast (Depths:4)
  A monstrous demonspawn (D:13)
  6 spriggan air magi
  49 vault guards
  7 rakshasas
  19 hydras
  A catoblepas (Lair:6)
  Erica (D:9)
  2 shambling mangroves
  A death knight (Vaults:1)
  15 centaur warriors
  13 dancing weapons
  A queen ant (shapeshifter) (Vaults:4)
  69 two-headed ogres
  13 deep troll earth magi
  A naga sharpshooter (Depths:4)
  22 deep troll shamans
  12 alligators
  3 tengu warriors
  3 vampire magi
  A soul eater (Depths:2)
  6 death yaks
  A shock serpent (shapeshifter) (Vaults:4)
  A sun demon (D:15)
  2 orc high priests (Orc:1)
  A titan skeleton (Depths:2)
  Sonja (D:12)
  12 spriggans
  A wretched star (Abyss:2)
  3 spriggan berserkers
  17 deep elf knights
  5 iron trolls
  A salamander mystic (Depths:2)
  A golden dragon zombie (Depths:2)
  A fire crab (D:14)
  A sixfirhy (Abyss:2)
  10 hell knights
  A spark wasp zombie (Depths:2)
  4 spriggan druids
  5 unseen horrors
  2 deep trolls (shapeshifter)
  5 skeletal warriors
  32 deep trolls
  3 flayed ghosts
  9 wizards
  10 swamp dragons
  6 glowing orange brains
  10 ironbrand convokers
  21 deep elf archers
  3 phantasmal warriors
  13 orc knights
  13 necromancers
  2 wolf spider zombies (D:15)
  A lindwurm (Lair:6)
  4 harpies
  A harpy (shapeshifter) (Vaults:1)
  2 tengu zombies (Depths:2)
  A manticore (D:14)
  A sphinx zombie (Depths:2)
  13 orb spiders
  71 deep elf magi
  A tengu skeleton (Depths:2)
  An iron dragon zombie (Depths:2)
  A manticore (shapeshifter) (Vaults:4)
  38 wolf spiders
  39 ugly things
  A shining eye (shapeshifter) (Vaults:4)
  A frost giant zombie (Vaults:5)
  2 orc sorcerers
  2 fauns (shapeshifter)
  A stone giant zombie (Depths:2)
  2 worldbinders (Abyss:2)
  9 cyclopes
  A shining eye (Abyss:2)
  23 moths of wrath
  4 salamanders
  3 centaur zombies
  Maurice (D:8)
  A black mamba (shapeshifter) (D:14)
  A rust devil (Depths:5)
  A guardian serpent (shapeshifter) (Vaults:3)
  An iron dragon skeleton (Depths:2)
  8 elephants
  14 vault sentinels
  A gargoyle (D:9)
  An eye of devastation (shapeshifter) (Depths:3)
  3 smoke demons (Abyss:2)
  A stone giant skeleton (Depths:1)
  2 black mambas
  An orange demon (Abyss:2)
  A fire giant skeleton (Depths:1)
  3 kobold demonologists
  17 spiny frogs
  5 spriggan zombies (Depths:2)
  5 efreet
  2 rime drakes
  6 freezing wraiths
  9 komodo dragons
  A yaktaur zombie (Vaults:5)
  A tormentor (Abyss:2)
  2 elf skeletons
  73 yaktaurs
  6 demonic crawlers
  3 golden dragon simulacra (Depths:2)
  A red devil (Depths:2)
  A hellwing (Depths:2)
  31 jumping spiders
  A jumping spider (shapeshifter) (Depths:1)
  2 meliai (shapeshifter)
  40 hornets
  A wind drake (shapeshifter) (Vaults:3)
  3 tengu conjurers
  A wolf spider simulacrum (D:14)
  7 trolls
  A polar bear (Lair:2)
  5 bog bodies
  7 tyrant leeches
  An ettin zombie (Depths:2)
  3 raiju (Abyss:2)
  43 slime creatures
  Prince Ribbit (Lair:1)
  6 dream sheep
  A dream sheep (shapeshifter) (Vaults:5)
  3 fire giant simulacra
  9 hippogriffs
  32 blink frogs
  A frost giant simulacrum (Depths:2)
  A vampire (D:11)
  3 air elementals
  A meliai zombie (D:12)
  3 shadows
  2 spriggans (shapeshifter)
  66 redbacks
  A redback (shapeshifter) (Vaults:4)
  7 water elementals
  17 tarantellas
  3 spriggan skeletons (Depths:2)
  49 yaks
  2 ynoxinuls (Abyss:2)
  2 wyverns
  2 fire elementals
  5 large abominations
  6 wraiths
  6 hogs
  Grum (D:9)
  A chaos spawn (Abyss:2)
  A hog (shapeshifter) (D:14)
  A steam dragon (D:10)
  6 humans
  A hungry ghost (D:12)
  3 basilisks
  10 vampire mosquitoes
  5 neqoxecs
  Menkaure (D:5)
  A soldier ant (shapeshifter) (Depths:4)
  5 wargs
  26 insubstantial wisps
  2 small abominations
  2 soldier ants
  21 swamp worms
  2 acid dragons
  2 floating eyes (Depths:4)
  15 water moccasins
  A porcupine (Lair:1)
  A floating eye (shapeshifter) (D:15)
  An acid dragon (shapeshifter) (Vaults:1)
  51 orc warriors
  10 swamp drakes
  8 sky beasts
  5 ice beasts
  3 black bears
  An ettin simulacrum (Vaults:2)
  A necrophage (D:14)
  56 ogres
  4 phantoms
  14 wolves
  12 boggarts
  An eye of draining (shapeshifter) (Depths:2)
  2 eyes of draining
  20 centaurs
  14 crocodiles
  8 big kobolds
  4 elf zombies (Elf:1)
  8 earth elementals
  12 bullfrogs
  A glowing shapeshifter simulacrum (Vaults:2)
  A water moccasin zombie (D:5)
  3 scorpions
  A wyvern skeleton (D:9)
  12 wights
  14 killer bees
  6 howler monkeys
  An electric eel (Lair:2)
  7 crimson imps
  4 bullfrog zombies
  A quasit (Abyss:2)
  3 hounds
  12 orc priests
  2 centaur skeletons
  6 jellies
  Ijyb (D:5)
  Terence (D:2)
  7 iguanas
  24 orc wizards
  12 worker ants
  2 killer bee zombies
  A hound zombie (D:5)
  A hound skeleton (D:7)
  A howler monkey zombie (D:9)
  2 worker ant zombies
  3 gnolls
  15 adders
  9 shadow imps
  A white imp (Abyss:2)
  An ufetubus (Abyss:2)
  An ooze (D:3)
  2 adder zombies (D:7)
  An adder skeleton (D:4)
  4 worms (Spider:4)
  2 dart slugs (D:2)
  8 leopard geckos
  91 orcs
  8 bats
  8 giant cockroaches
  6 hobgoblins
  17 jackals
  4 quokkas
  3 ball pythons
  6 frilled lizards
  3 goblins
  34 kobolds
  7 rats
  3 crawling corpses
  4 fire vortices (Depths:3)
2484 creatures vanquished.

Vanquished Creatures (collateral kills)
  An orb of fire (Zot:2)
  the Lernaean hydra (Swamp:4)
  Arachne (Spider:2)
  2 Orb Guardians (Zot:5)
  Rupert (D:13)
  A ghost moth (Zot:5)
  An orc warlord (Orc:1)
  A purple draconian (Zot:4)
  A red draconian (Zot:4)
  A two-headed ogre (Vaults:1)
  A hell knight (Vaults:4)
  A soul eater (Vaults:1)
  A spriggan druid (Swamp:4)
  An ugly thing (D:10)
  5 yaktaurs (Vaults:1)
  A troll (Orc:1)
  A hog (D:13)
  A wraith (D:10)
  A vampire mosquito (Swamp:4)
  A basilisk (D:13)
  2 swamp drakes
  An orc warrior (D:13)
  An orc (D:13)
29 creatures vanquished.

Vanquished Creatures (others)
  A Killer Klown (Zot:4)
  A draconian knight (Depths:5)
  A deep elf annihilator (Elf:3)
  A statue (Depths:3)
  A deep elf death mage (Depths:2)
  2 two-headed ogres (Depths:2)
  A deep troll earth mage (Depths:2)
  A deep elf knight (Vaults:5)
  A wizard (Depths:3)
  A deep elf archer (Elf:1)
  2 deep elf magi
  An orb spider (Spider:3)
  A moth of wrath (Zot:1)
  3 yaktaurs
  A tyrant leech (Swamp:1)
  A wraith (Swamp:1)
  A small abomination (Abyss:2)
  A golden eye (shapeshifter) (D:15)
  An insubstantial wisp (Swamp:1)
  A floating eye (shapeshifter) (D:15)
  A sky beast (D:15)
  3 ogres
  A big kobold (D:13)
  An orc wizard (Vaults:1)
  3 orcs
  2 kobolds (D:13)
  A bush (Lair:3)
  8 fungi
  3 plants (Lair:2)
47 creatures vanquished.

Grand Total: 2560 creatures vanquished

Notes
Turn   | Place    | Note
-------+----------+-------------------------------------------
     0 | D:1      | syranez the Hill Orc Monk began the quest for the Orb.
     0 | D:1      | Reached XP level 1. HP: 19/19 MP: 1/1
   458 | D:1      | Reached XP level 2. HP: 27/27 MP: 2/2
  1079 | D:2      | Noticed an ice beast
  1085 | D:1      | Reached skill level 4 in Fighting
  1085 | D:1      | Reached skill level 2 in Stealth
  1085 | D:1      | Reached XP level 3. HP: 33/33 MP: 3/3
  1147 | D:2      | Reached skill level 5 in Axes
  1177 | D:2      | Found a white marble altar of Elyvilon.
  1376 | D:2      | Reached XP level 4. HP: 36/40 MP: 4/4
  1407 | D:2      | Found a blossoming altar of Fedhas.
  1579 | D:2      | Noticed Terence
  1652 | D:2      | Found a sparkling altar of Nemelex Xobeh.
  2286 | D:3      | Found a stormy altar of Qazlal.
  2296 | D:3      | Became a worshipper of Qazlal Stormbringer
  2296 | D:3      | Reached * piety under Qazlal
  2296 | D:3      | Reached ** piety under Qazlal
  2521 | D:3      | Reached XP level 5. HP: 47/47 MP: 5/5
  2583 | D:4      | Reached skill level 3 in Dodging
  2631 | D:4      | Reached skill level 6 in Axes
  2859 | D:4      | Reached XP level 6. HP: 40/55 MP: 6/6
  3385 | D:2      | Killed an ice beast
  3385 | D:2      | Reached skill level 5 in Fighting
  3385 | D:2      | Reached skill level 3 in Stealth
  3388 | D:2      | Killed Terence
  3388 | D:2      | Reached skill level 7 in Axes
  3856 | D:5      | Entered Level 5 of the Dungeon
  3863 | D:5      | Found a hazy altar of Hepliaklqana.
  3892 | D:5      | Reached XP level 7. HP: 57/61 MP: 7/7
  4202 | D:5      | Reached *** piety under Qazlal
  4326 | D:5      | Found a staircase to the Ecumenical Temple.
  4329 | D:5      | Reached skill level 8 in Axes
  4503 | D:5      | Reached skill level 6 in Fighting
  4503 | D:5      | Reached skill level 4 in Dodging
  4503 | D:5      | Reached XP level 8. HP: 70/70 MP: 8/8
  4701 | D:5      | Reached skill level 4 in Stealth
  4745 | D:5      | Found a basalt altar of Yredelemnul.
  4745 | D:5      | Found an ancient bone altar of Kikubaaqudgha.
  4746 | D:5      | Found the +7 longbow "Piercer" {penet, EV-2}
  4746 | D:5      | Noticed Menkaure
  4747 | D:5      | Found a transporter.
  5056 | D:5      | Found a transporter.
  5297 | D:5      | Noticed Ijyb
  5328 | D:5      | Killed Ijyb
  5328 | D:5      | Reached skill level 9 in Axes
  5560 | D:6      | Found a basalt altar of Yredelemnul.
  6035 | D:6      | Found Fen Wuc's Distillery.
  6048 | D:6      | Bought a potion of heal wounds for 70 gold pieces
  6048 | D:6      | Bought a potion of curing for 42 gold pieces
  6048 | D:6      | Bought a potion of agility for 56 gold pieces
  6310 | D:6      | Reached **** piety under Qazlal
  6997 | D:7      | Reached skill level 7 in Fighting
  6997 | D:7      | Reached skill level 10 in Axes
  6997 | D:7      | Reached XP level 9. HP: 56/79 MP: 4/9
  7202 | D:7      | Reached skill level 5 in Stealth
  7239 | D:7      | Reached skill level 5 in Dodging
  7282 | D:7      | Found a sacrificial altar of Ru.
  7492 | D:7      | Reached skill level 11 in Axes
  7497 | D:7      | Identified the cursed +1 trident of Vipp {antimagic, Int+8}
  7736 | D:7      | Found a snail-covered altar of Cheibriados.
  7740 | D:7      | Found a hide-covered altar of Uskayaw.
  7740 | D:7      | Found a burning altar of Makhleb.
  7741 | D:7      | Found an iron altar of Okawaru.
  7917 | D:7      | Found a glowing silver altar of Zin.
  7974 | D:7      | Noticed LostNumber's ghost (novice TrIE)
  7975 | D:7      | Found a transporter.
  7975 | D:7      | Identified the cursed +2 great mace of Rugumay {protect,
                  | *Noise rF+ rC+++ rN+}
  7975 | D:7      | Noticed a two-headed ogre
  7980 | D:7      | Found a transporter.
  8019 | D:7      | Found a glowing golden altar of the Shining One.
  8096 | D:7      | Found a runed translucent door.
  8096 | D:7      | Noticed Crazy Yiuf
  8444 | D:7      | Reached skill level 8 in Fighting
  8791 | D:8      | Got a jewelled morningstar
  8792 | D:8      | Identified the cursed +1 morningstar of Exquisite Death
                  | {crush, rC+ Str+3} (You found it on level 8 of the Dungeon)
  8929 | D:8      | Reached XP level 10. HP: 88/88 MP: 10/10
  8979 | D:8      | Reached skill level 1 in Maces & Flails
  9032 | D:8      | Noticed Maurice
  9039 | D:8      | Paralysed by Maurice for 7 turns
  9042 | D:8      | Killed Maurice
  9042 | D:8      | Reached skill level 6 in Stealth
  9050 | D:8      | Reached skill level 2 in Maces & Flails
  9289 | D:8      | Noticed a two-headed ogre
  9308 | D:8      | Killed a two-headed ogre
  9308 | D:8      | Reached skill level 6 in Dodging
  9332 | D:8      | Found a glowing golden altar of the Shining One.
  9530 | D:9      | Reached skill level 9 in Fighting
  9530 | D:9      | Reached skill level 3 in Maces & Flails
  9652 | D:9      | Noticed Grum
  9975 | D:9      | Killed Grum
 10323 | D:9      | Noticed Erica
 10556 | D:9      | Killed Erica
 10556 | D:9      | Reached skill level 4 in Maces & Flails
 10556 | D:9      | Reached skill level 7 in Stealth
 10628 | D:8      | Reached skill level 1 in Invocations
 10754 | D:9      | Reached XP level 11. HP: 89/99 MP: 11/11
 10784 | D:9      | Found a shimmering altar of Xom.
 10789 | D:9      | Reached skill level 5 in Maces & Flails
 10789 | D:9      | Reached skill level 2 in Invocations
 10921 | D:9      | Reached skill level 10 in Fighting
 11103 | D:9      | Reached skill level 7 in Dodging
 11188 | D:9      | Noticed a centaur warrior
 11196 | D:9      | Killed a centaur warrior
 11196 | D:9      | Reached skill level 1 in Armour
 11196 | D:9      | Reached skill level 3 in Invocations
 11254 | D:9      | Noticed a red ugly thing
 11307 | D:9      | Killed a red ugly thing
 11312 | D:9      | Reached skill level 2 in Armour
 11342 | D:9      | Reached skill level 4 in Invocations
 11817 | D:10     | Entered Level 10 of the Dungeon
 11825 | D:10     | Found a transporter.
 11871 | D:10     | Reached skill level 6 in Maces & Flails
 12300 | D:10     | Reached skill level 3 in Armour
 12450 | D:10     | Noticed a moth of wrath
 12846 | D:10     | Reached skill level 5 in Invocations
 12961 | D:10     | Found a transporter.
 12961 | D:10     | Noticed Tarias's ghost (journeyman TrBe)
 13478 | D:11     | Noticed a cyan ugly thing
 13496 | D:10     | Killed a cyan ugly thing
 13612 | D:11     | Noticed Laan's ghost (journeyman DEFE)
 13621 | D:11     | Reached skill level 11 in Fighting
 13621 | D:11     | Reached skill level 4 in Armour
 13629 | D:11     | Found a runed translucent door.
 13646 | D:11     | Noticed a cyclops
 13660 | D:10     | Reached skill level 6 in Invocations
 13757 | D:10     | Reached skill level 7 in Maces & Flails
 13757 | D:10     | Reached XP level 12. HP: 87/110 MP: 16/16
 14246 | D:11     | Reached skill level 5 in Armour
 14440 | D:11     | Found a glowing golden altar of the Shining One.
 14520 | D:11     | Found Wuharet's Antique Armour Boutique.
 14523 | D:11     | Bought a pair of glowing gloves for 240 gold pieces
 14523 | D:11     | Bought an embroidered cloak for 240 gold pieces
 14586 | D:11     | Found a staircase to the Lair.
 14872 | D:12     | Noticed a four-headed hydra
 14882 | D:12     | Killed a four-headed hydra
 14882 | D:12     | Reached skill level 7 in Invocations
 14926 | D:12     | Noticed Sonja
 14933 | D:12     | Found Kuofanicau's Antique Weapon Shop.
 14936 | D:12     | Killed Sonja
 15035 | D:12     | Found a staircase to the Orcish Mines.
 15043 | D:12     | Noticed a two-headed ogre
 15044 | D:12     | Noticed a two-headed ogre
 15044 | D:12     | Noticed a two-headed ogre
 15050 | D:12     | Reached ***** piety under Qazlal
 15069 | D:12     | Killed a two-headed ogre
 15069 | D:12     | Reached skill level 8 in Maces & Flails
 15075 | D:12     | Killed a two-headed ogre
 15075 | D:12     | Reached skill level 6 in Armour
 15082 | D:12     | Killed a two-headed ogre
 15082 | D:12     | Reached skill level 12 in Fighting
 15082 | D:12     | Reached skill level 8 in Invocations
 15325 | D:12     | Noticed a two-headed ogre
 15334 | D:12     | Noticed a two-headed ogre
 15338 | D:12     | Killed a two-headed ogre
 15397 | D:12     | Killed a two-headed ogre
 15563 | D:12     | Found a sparkling altar of Nemelex Xobeh.
 15677 | D:12     | Noticed a two-headed ogre
 15690 | D:12     | Killed a two-headed ogre
 15811 | D:12     | Noticed an ogre mage
 15817 | D:12     | Killed an ogre mage
 15817 | D:12     | Reached skill level 7 in Armour
 15817 | D:12     | Reached skill level 9 in Invocations
 16234 | Lair:1   | Entered Level 1 of the Lair of Beasts
 16259 | Lair:1   | Reached skill level 9 in Maces & Flails
 16288 | Lair:1   | Reached XP level 13. HP: 116/119 MP: 19/19
 16932 | Lair:1   | Noticed Prince Ribbit
 16948 | Lair:1   | Killed Prince Ribbit
 17387 | Lair:2   | Reached skill level 8 in Armour
 17388 | Lair:2   | Reached skill level 10 in Invocations
 17394 | Lair:2   | Noticed Gastronok
 17418 | Lair:2   | Killed Gastronok
 17418 | Lair:2   | Reached skill level 13 in Fighting
 17555 | Lair:2   | Reached skill level 10 in Maces & Flails
 18312 | Lair:2   | Found a staircase to the Swamp.
 19182 | Lair:3   | Reached skill level 9 in Armour
 19197 | Lair:3   | Reached skill level 11 in Invocations
 20270 | Lair:3   | Found a hole to the Spider Nest.
 20587 | Lair:4   | Reached XP level 14. HP: 122/130 MP: 22/22
 21773 | Lair:5   | Reached skill level 14 in Fighting
 21775 | Lair:5   | Reached skill level 11 in Maces & Flails
 21960 | Lair:5   | Reached ****** piety under Qazlal
 22399 | Lair:6   | Entered Level 6 of the Lair of Beasts
 22988 | Lair:5   | Reached skill level 10 in Armour
 23392 | Lair:5   | Reached skill level 12 in Invocations
 23964 | Lair:6   | Got a spiked helmet
 23975 | Lair:6   | Identified the +0 helmet of Syndicalism {-Cast +Fly Dex+6
                  | Stlth+} (You found it on level 6 of the Lair of Beasts)
 24028 | Lair:6   | Found a staircase to the Slime Pits.
 25738 | D:13     | Found a white marble altar of Elyvilon.
 25916 | D:13     | Reached skill level 13 in Invocations
 25952 | D:13     | Reached skill level 11 in Armour
 25954 | D:13     | Reached skill level 12 in Maces & Flails
 26038 | D:13     | Reached XP level 15. HP: 114/139 MP: 24/24
 26330 | D:13     | Noticed Rupert
 26342 | D:13     | Killed Rupert
 26342 | D:13     | Reached skill level 15 in Fighting
 26457 | D:13     | Noticed Kirke
 26753 | D:13     | Killed Kirke
 28930 | D:14     | Reached skill level 14 in Invocations
 28995 | D:14     | Identified a scroll of acquirement
 28998 | D:14     | Got a bloodstained plate armour
 29009 | D:14     | Identified the +1 plate armour "Onur" {MR+ Str+4} (You
                  | acquired it on level 14 of the Dungeon)
 29076 | D:14     | Reached skill level 12 in Armour
 29434 | D:14     | Reached skill level 13 in Maces & Flails
 29475 | D:14     | Found a gate to the Vaults.
 29643 | D:15     | Entered Level 15 of the Dungeon
 30363 | D:15     | Reached skill level 16 in Fighting
 30451 | D:15     | Reached XP level 16. HP: 151/151 MP: 25/27
 31246 | D:15     | Reached skill level 15 in Invocations
 31413 | D:15     | Found a staircase to the Depths.
 31651 | D:15     | Found a runed translucent gate.
 31652 | D:15     | Found a runed translucent gate.
 31652 | D:15     | Found a runed translucent gate.
 31654 | D:15     | Noticed Skippwaahh's ghost (adept KoAK)
 31866 | Orc:1    | Entered Level 1 of the Orcish Mines
 32417 | Orc:2    | Entered Level 2 of the Orcish Mines
 32876 | Orc:1    | Reached skill level 13 in Armour
 33940 | Orc:2    | Found a staircase to the Elven Halls.
 33950 | Orc:2    | Found Oroqom's Book Emporium.
 34025 | Orc:2    | Found Tukezipn's General Store.
 34053 | Orc:2    | Found Tamnayt's Antique Armour Shop.
 34104 | Orc:2    | Found Azamm's Antique Weapon Boutique.
 34425 | Swamp:1  | Entered Level 1 of the Swamp
 34434 | Lair:2   | Reached skill level 14 in Maces & Flails
 35121 | Swamp:1  | Paralysed by a hornet for 3 turns
 35764 | Swamp:1  | Noticed Josephine
 35777 | Swamp:1  | Killed Josephine
 36185 | Swamp:2  | Reached skill level 17 in Fighting
 36197 | Swamp:2  | Reached skill level 16 in Invocations
 36392 | Swamp:2  | Noticed Xenug's ghost (adept GrFi)
 36464 | Swamp:2  | Found a transporter.
 36568 | Swamp:2  | Found a transporter.
 36631 | Swamp:2  | Reached XP level 17. HP: 138/161 MP: 29/29
 37173 | Spider:1 | Entered Level 1 of the Spider Nest
 37405 | Spider:1 | Reached skill level 1 in Shields
 37670 | Spider:1 | Reached skill level 2 in Shields
 38712 | Spider:1 | Reached skill level 14 in Armour
 39009 | Spider:2 | Noticed Agnes
 39009 | Spider:2 | Reached skill level 3 in Shields
 39113 | Spider:1 | Killed Agnes
 39276 | Spider:2 | Noticed Arachne
 39302 | Spider:2 | Killed Arachne
 39944 | Spider:2 | Upgraded the game from 0.23.0 to 0.23.0-2-g0fe3ce5905
 40300 | Spider:2 | Reached skill level 4 in Shields
 40383 | Spider:2 | Reached skill level 15 in Maces & Flails
 41538 | Spider:2 | Reached skill level 17 in Invocations
 42265 | Spider:4 | Entered Level 4 of the Spider Nest
 42516 | Spider:4 | Reached skill level 18 in Fighting
 42998 | Spider:4 | Reached XP level 18. HP: 172/172 MP: 30/30
 43794 | Spider:4 | Reached skill level 15 in Armour
 44926 | Spider:4 | Got a gossamer rune of Zot
 45528 | Swamp:3  | Reached skill level 18 in Invocations
 46552 | Swamp:4  | Entered Level 4 of the Swamp
 47027 | Swamp:4  | Noticed the 27-headed Lernaean hydra
 47445 | Swamp:3  | Reached skill level 19 in Fighting
 47642 | Swamp:4  | Killed the 27-headed Lernaean hydra
 48053 | Swamp:4  | Got a decaying rune of Zot
 48093 | Swamp:4  | Reached skill level 16 in Armour
 48644 | Vaults:1 | Entered Level 1 of the Vaults
 48973 | Vaults:1 | Reached XP level 19. HP: 159/183 MP: 32/32
 49566 | Vaults:1 | Reached skill level 19 in Invocations
 50060 | Vaults:1 | Noticed Nikola
 50079 | Vaults:1 | Killed Nikola
 50477 | Vaults:1 | Cast into level 2 of the Abyss (a wizard)
 50492 | Abyss:2  | Noticed a lich
 50501 | Abyss:2  | Killed a lich
 50501 | Abyss:2  | Reached skill level 8 in Dodging
 50750 | Abyss:2  | Gained mutation: Your body sometimes deteriorates upon
                  | taking damage. [a shining eye]
 50841 | Abyss:2  | Gained mutation: You are clumsy. (Dex -2) [a neqoxec]
 50867 | Abyss:2  | Noticed a profane servitor
 50909 | Abyss:2  | Killed a profane servitor
 50911 | Vaults:1 | Escaped the Abyss
 50912 | Vaults:1 | Reached skill level 20 in Fighting
 50913 | Vaults:1 | HP: 7/185 [vault warden/+1 great sword of holy wrath (23)]
 50919 | Vaults:1 | Reached skill level 17 in Armour
 51391 | Vaults:1 | Lost mutation: You are clumsy. (Dex -2) [potion of
                  | mutation]
 51391 | Vaults:1 | Lost mutation: Your body sometimes deteriorates upon taking
                  | damage. [potion of mutation]
 51391 | Vaults:1 | Gained mutation: You have a pair of small horns on your
                  | head. [potion of mutation]
 51391 | Vaults:1 | Gained mutation: You are agile. (Dex +2) [potion of
                  | mutation]
 51953 | Vaults:1 | Reached XP level 20. HP: 168/193 MP: 33/33
 52667 | D:5      | Killed Menkaure
 53541 | Spider:4 | Reached skill level 20 in Invocations
 53805 | D:6      | Bought a potion of haste for 140 gold pieces
 53805 | D:6      | Bought a potion of curing for 42 gold pieces
 53805 | D:6      | Bought 2 potions of haste for 280 gold pieces
 53805 | D:6      | Bought a potion of curing for 42 gold pieces
 53805 | D:6      | Bought 2 potions of invisibility for 224 gold pieces
 54079 | Elf:1    | Entered Level 1 of the Elven Halls
 54239 | Elf:1    | Reached skill level 9 in Dodging
 55428 | Elf:1    | Identified Domuaser's Collected Works on Sinister Secrets
 55549 | Elf:2    | Found a deep blue altar of Sif Muna.
 55636 | Elf:2    | Found Set Yrop's Gadget Emporium.
 56042 | Elf:2    | Found Qaoschesh's Armour Boutique.
 56104 | Elf:2    | Found a runed translucent gate.
 56104 | Elf:2    | Found a runed translucent gate.
 56104 | Elf:2    | Found a runed translucent gate.
 56133 | Elf:2    | Found Holegom's Jewellery Shop.
 56173 | Elf:2    | Found Olasuol's Distillery.
 56177 | Elf:2    | Bought a potion of curing for 42 gold pieces
 56177 | Elf:2    | Bought a potion of heal wounds for 70 gold pieces
 56177 | Elf:2    | Bought a potion of curing for 42 gold pieces
 56296 | Elf:3    | Entered Level 3 of the Elven Halls
 57180 | Elf:3    | Noticed a Tzitzimitl
 57309 | Elf:3    | Noticed a Tzitzimitl
 57354 | Elf:2    | Reached skill level 18 in Armour
 57354 | Elf:2    | Reached skill level 10 in Dodging
 57398 | Elf:3    | Identified the cursed +1 plate armour "Agos" {Regen+ Str+3
                  | Int-4}
 57446 | Elf:2    | Reached XP level 21. HP: 149/203 MP: 35/35
 57537 | Elf:3    | Reached skill level 21 in Fighting
 58013 | Elf:3    | Reached skill level 21 in Invocations
 58351 | Elf:3    | Found the +4 robe of Augmentation {Str+4 Int+4 Dex+4}
 58363 | Elf:3    | Identified the +2 shield of the Bells {Str+3} (You found it
                  | on level 3 of the Elven Halls)
 58382 | Elf:3    | Identified the +7 plate armour "Jahim" {rC+ Str+3 Int+2}
                  | (You found it on level 3 of the Elven Halls)
 58943 | Vaults:2 | Found Dyshroptu's Gadget Shoppe.
 59421 | Vaults:2 | Identified the +1 morningstar of the Extremes {flame,
                  | +Blink MR+ Str+9 Dex-2} (You found it on level 2 of the
                  | Vaults)
 60574 | Vaults:2 | Reached skill level 11 in Dodging
 60963 | Vaults:3 | Reached XP level 22. HP: 201/214 MP: 36/36
 61069 | Vaults:3 | Found a staircase to the Crypt.
 61069 | Vaults:3 | Found an ancient bone altar of Kikubaaqudgha.
 61072 | Vaults:3 | Found a basalt altar of Yredelemnul.
 61228 | Vaults:3 | Reached skill level 19 in Armour
 61388 | Vaults:3 | Reached skill level 22 in Invocations
 61782 | Vaults:3 | Found Icatipt's Jewellery Boutique.
 62534 | Vaults:3 | Upgraded the game from 0.23.0-2-g0fe3ce5905 to
                  | 0.23.0-3-gf3c87f2df8
 62643 | Vaults:4 | Reached skill level 22 in Fighting
 63216 | Vaults:4 | Noticed Margery
 63219 | Vaults:4 | Killed Margery
 63219 | Vaults:4 | Reached skill level 12 in Dodging
 63219 | Vaults:4 | Reached skill level 1 in Evocations
 63608 | Vaults:4 | Reached skill level 2 in Evocations
 63684 | Vaults:4 | Found an ancient bone altar of Kikubaaqudgha.
 63750 | Vaults:4 | Found Veunkeu's Weapon Emporium.
 64694 | Depths:1 | Entered Level 1 of the Depths
 64714 | D:15     | Reached skill level 3 in Evocations
 64913 | D:15     | Reached XP level 23. HP: 200/224 MP: 38/38
 65272 | Depths:1 | Reached skill level 4 in Evocations
 65330 | Depths:1 | Found a gateway to a ziggurat.
 65483 | Depths:1 | Found a gateway to Hell.
 65653 | Depths:1 | Found a sparkling altar of Nemelex Xobeh.
 65754 | Depths:1 | Found a corrupted altar of Lugonu.
 65755 | Depths:1 | Found a one-way gate to the infinite horrors of the Abyss.
 65764 | Depths:1 | Reached skill level 23 in Invocations
 66109 | Depths:1 | Reached skill level 20 in Armour
 66109 | Depths:1 | Reached skill level 5 in Evocations
 66412 | Depths:2 | Noticed a caustic shrike
 66428 | Depths:1 | Killed a caustic shrike
 66653 | Depths:2 | Reached skill level 23 in Fighting
 66653 | Depths:2 | Reached skill level 6 in Evocations
 67053 | Depths:1 | Lost mutation: You are agile. (Dex +2) [a cacodemon]
 67506 | Depths:2 | Found Bidiv's Book Emporium.
 67557 | Depths:2 | Reached skill level 13 in Dodging
 67586 | Depths:2 | Noticed an ancient lich
 67616 | Depths:2 | Identified the +8 executioner's axe of Psychosis {drain,
                  | Str-4 Dex+6}
 67631 | Depths:2 | Killed an ancient lich
 67631 | Depths:2 | Reached XP level 24. HP: 155/235 MP: 38/38
 67807 | Depths:2 | Found an ancient bone altar of Kikubaaqudgha.
 67919 | Depths:2 | Reached skill level 7 in Evocations
 68049 | Depths:2 | Reached skill level 12 in Axes
 69026 | Depths:2 | Identified the +3 scale mail of the Ecumenical Temple
                  | {Stlth+} (You found it on level 2 of the Depths)
 69184 | Depths:3 | Found a one-way gate leading to the halls of Pandemonium.
 70040 | Depths:3 | Noticed Sojobo
 70047 | Depths:3 | Killed Sojobo
 71169 | Depths:3 | Noticed Frederick
 71194 | Depths:3 | Killed Frederick
 71194 | Depths:3 | Reached skill level 13 in Axes
 71366 | Depths:3 | Identified the +10 falchion "Huxt" {freeze, *Contam rN+++
                  | Str+3}
 71433 | Depths:3 | Noticed Mennas
 71542 | Depths:3 | Killed Mennas
 71542 | Depths:3 | Reached skill level 24 in Invocations
 71672 | Depths:3 | Identified a ring of the Octopus King {rC+ AC+1 EV+1 Str+1
                  | Int+1 Dex+1}
 71827 | Depths:3 | Found a radiant altar of Vehumet.
 72418 | Depths:4 | Paralysed by a floating eye for 3 turns
 72496 | Depths:4 | Noticed a juggernaut
 72513 | Depths:4 | Killed a juggernaut
 72694 | Depths:4 | Reached skill level 21 in Armour
 72835 | Depths:4 | Reached XP level 25. HP: 104/245 MP: 39/39
 73313 | Depths:3 | Reached skill level 14 in Axes
 73350 | Depths:4 | Noticed Saint Roka
 73669 | Depths:3 | Reached skill level 14 in Dodging
 73892 | Depths:4 | Killed Saint Roka
 73892 | Depths:4 | Reached skill level 24 in Fighting
 74048 | Depths:4 | Identified the ring "Waenkyac" {MR+ Str+4} (You found it on
                  | level 4 of the Depths)
 74084 | Depths:4 | Noticed a juggernaut
 74091 | Depths:4 | Paralysed by a floating eye for 3 turns
 74110 | Depths:3 | Killed a juggernaut
 74116 | Depths:4 | Paralysed by a floating eye for 3 turns
 74399 | Depths:4 | Got a translucent platinum ring
 74401 | Depths:4 | Identified the ring of Vugeicsiama {MR+ MP+9 Str+3} (You
                  | found it on level 4 of the Depths)
 74583 | Depths:4 | Found Massiviy's Weapon Emporium.
 74887 | Depths:4 | Got a translucent marble ring
 74889 | Depths:4 | Identified the ring "Otyosuixt" {+Blink rPois rC++ rN+}
                  | (You found it on level 4 of the Depths)
 74947 | Depths:4 | Found Deecel's Jewellery Emporium.
 75071 | Depths:5 | Entered Level 5 of the Depths
 75103 | Depths:5 | Reached skill level 15 in Axes
 76492 | Depths:5 | Reached XP level 26. HP: 237/256 MP: 39/39
 76611 | Depths:5 | Found a gate to the Realm of Zot.
 76748 | Depths:5 | Reached skill level 16 in Axes
 77192 | Vaults:5 | Entered Level 5 of the Vaults
 77193 | Vaults:5 | Reached skill level 22 in Armour
 77238 | Vaults:4 | Reached skill level 15 in Dodging
 77791 | Vaults:4 | Found Veunkeu's Weapon Emporium.
 77927 | Vaults:5 | Reached skill level 25 in Fighting
 78097 | Vaults:4 | Reached skill level 17 in Axes
 78157 | Vaults:5 | Noticed an ancient lich
 78526 | Vaults:4 | Killed an ancient lich
 78746 | Vaults:5 | Reached XP level 27. HP: 250/266 MP: 39/39
 79192 | Vaults:5 | Identified Omoxkiph's Papyrus of Clay and Combat Magic
 79452 | Vaults:5 | Found the +8 lance "Wyrmbane" {slay drac, rPois rF+ rC+
                  | AC+3}
 79459 | Vaults:5 | Got a silver rune of Zot
 79553 | Vaults:5 | Found the +8 mithril axe "Arga" {speed, MR+}
 80126 | Zot:1    | Entered Level 1 of the Realm of Zot
 80322 | Depths:5 | Reached skill level 18 in Axes
 80413 | Zot:1    | Noticed an ancient lich
 80666 | Depths:4 | Killed an ancient lich
 80979 | Depths:5 | Reached skill level 23 in Armour
 80997 | Depths:5 | Reached skill level 16 in Dodging
 82412 | Zot:1    | Reached skill level 26 in Fighting
 82747 | Zot:1    | Reached skill level 19 in Axes
 83465 | Zot:2    | Noticed an orb of fire
 83483 | Zot:2    | Killed an orb of fire
 84210 | Zot:2    | Got a bloodstained battleaxe
 84218 | Zot:2    | Identified the cursed +0 battleaxe of Ceal Qiu {chop,
                  | *Drain rElec Dex+8 Stlth+} (You found it on level 2 of the
                  | Realm of Zot)
 85065 | Swamp:2  | Killed Xenug's ghost
 85088 | Swamp:2  | Got a slimy bone ring
 85090 | Swamp:2  | Identified the ring "Futemun" {*Slow rElec rPois rF+++
                  | Int+6} (You found it on level 2 of the Swamp)
 85948 | Zot:3    | Reached skill level 17 in Dodging
 86004 | Zot:3    | Reached skill level 27 in Fighting
 86211 | Zot:3    | Reached skill level 24 in Armour
 87399 | Zot:4    | Got an ichor-stained hat
 87400 | Zot:4    | Identified the +2 hat "Sedaetyu" {SInv} (You acquired it on
                  | level 4 of the Realm of Zot)
 88489 | Zot:4    | Reached skill level 18 in Dodging
 88864 | Zot:5    | Entered Level 5 of the Realm of Zot
 88888 | Zot:5    | Reached skill level 25 in Armour
 89431 | Zot:5    | Noticed an orb of fire
 89433 | Zot:5    | Noticed an orb of fire
 89435 | Zot:5    | Noticed an orb of fire
 89454 | Zot:5    | Killed an orb of fire
 89461 | Zot:5    | Killed an orb of fire
 89473 | Zot:5    | Gained mutation: Scrolls take you a little longer to read.
                  | [an orb of fire]
 89475 | Zot:5    | Killed an orb of fire
 89501 | Zot:5    | Noticed an orb of fire
 89510 | Zot:5    | Gained mutation: You are weak. (Str -2) [an orb of fire]
 89531 | Zot:5    | Lost mutation: You are weak. (Str -2) [an orb of fire]
 89550 | Zot:5    | Gained mutation: You are weak. (Str -2) [an orb of fire]
 89556 | Zot:5    | Killed an orb of fire
 89727 | Zot:5    | Noticed an orb of fire
 89756 | Zot:5    | Gained mutation: Scrolls take you longer to read. [an orb
                  | of fire]
 89758 | Zot:5    | Killed an orb of fire
 90014 | Zot:5    | Noticed an ancient lich
 90025 | Zot:5    | Killed an ancient lich
 90072 | Zot:4    | Lost mutation: You have a pair of small horns on your head.
                  | [potion of mutation]
 90072 | Zot:4    | Lost mutation: Scrolls take you longer to read. [potion of
                  | mutation]
 90072 | Zot:4    | Lost mutation: You are weak. (Str -2) [potion of mutation]
 90072 | Zot:4    | Gained mutation: You tend to lose your temper in combat.
                  | [potion of mutation]
 90072 | Zot:4    | Gained mutation: Your mind is acute. (Int +2) [potion of
                  | mutation]
 90072 | Zot:4    | Gained mutation: You are weak. (Str -2) [potion of
                  | mutation]
 90072 | Zot:4    | Gained mutation: You have a pair of small antennae on your
                  | head. [potion of mutation]
 90073 | Zot:4    | Lost mutation: Scrolls take you a little longer to read.
                  | [potion of mutation]
 90073 | Zot:4    | Lost mutation: You have a pair of small antennae on your
                  | head. [potion of mutation]
 90073 | Zot:4    | Gained mutation: Your flesh is heat resistant. (rF+)
                  | [potion of mutation]
 90073 | Zot:4    | Gained mutation: You are robust. (+10% HP) [potion of
                  | mutation]
 90073 | Zot:4    | Gained mutation: You evolve. [potion of mutation]
 90074 | Zot:4    | Lost mutation: You evolve. [potion of mutation]
 90074 | Zot:4    | Lost mutation: You are robust. (+10% HP) [potion of
                  | mutation]
 90074 | Zot:4    | Lost mutation: You tend to lose your temper in combat.
                  | [potion of mutation]
 90074 | Zot:4    | Gained mutation: Armour fits poorly on your strangely
                  | shaped body. [potion of mutation]
 90074 | Zot:4    | Gained mutation: You are resistant to hostile enchantments.
                  | (MR+) [potion of mutation]
 90598 | Zot:5    | Noticed an orb of fire
 90601 | Zot:5    | Gained mutation: You are very weak. (Str -4) [an orb of
                  | fire]
 90612 | Zot:5    | Gained mutation: You are frail. (-10% HP) [an orb of fire]
 90617 | Zot:5    | Noticed an ancient lich
 90621 | Zot:5    | Gained mutation: Scrolls take you a little longer to read.
                  | [an orb of fire]
 90622 | Zot:5    | Killed an orb of fire
 90622 | Zot:5    | Reached skill level 19 in Dodging
 90648 | Zot:5    | Killed an ancient lich
 90656 | Zot:5    | Reached skill level 26 in Armour
 90726 | Zot:5    | Lost mutation: You are frail. (-10% HP) [potion of
                  | mutation]
 90726 | Zot:5    | Lost mutation: You are resistant to hostile enchantments.
                  | (MR+) [potion of mutation]
 90726 | Zot:5    | Gained mutation: You are clumsy. (Dex -2) [potion of
                  | mutation]
 90726 | Zot:5    | Gained mutation: Your mind is very acute. (Int +4) [potion
                  | of mutation]
 90727 | Zot:5    | Lost mutation: Scrolls take you a little longer to read.
                  | [potion of mutation]
 90727 | Zot:5    | Lost mutation: You are clumsy. (Dex -2) [potion of
                  | mutation]
 90727 | Zot:5    | Gained mutation: Your body sometimes deteriorates upon
                  | taking damage. [potion of mutation]
 90727 | Zot:5    | Gained mutation: Your system is resistant to poisons.
                  | (rPois) [potion of mutation]
 90817 | Zot:5    | Noticed an ancient lich
 91050 | Zot:5    | Killed an ancient lich
 91528 | Zot:5    | Noticed an orb of fire
 91545 | Zot:5    | Gained mutation: You are resistant to electric shocks.
                  | (rElec) [an orb of fire]
 91547 | Zot:5    | Lost mutation: Your mind is very acute. (Int +4) [an orb of
                  | fire]
 91551 | Zot:5    | Gained mutation: Your magical capacity is low. (-10% MP)
                  | [an orb of fire]
 91554 | Zot:5    | Killed an orb of fire
 92296 | Zot:5    | Got the Orb of Zot
 92419 | Zot:1    | Gained mutation: You are frail. (-10% HP) [a neqoxec]
 92425 | Zot:1    | Gained mutation: You occasionally shout uncontrollably at
                  | your foes. [a neqoxec]
 92476 | Depths:5 | Noticed Bitz the pandemonium lord
 92476 | Depths:5 | Noticed an ancient lich
 92505 | Depths:4 | Killed an ancient lich
 93002 | D:7      | Noticed Quaje the pandemonium lord
 93111 | D:5      | HP: 1/245 [Quaje the pandemonium lord (35)]
 93116 | D:5      | HP: 1/245 [poisoned by Quaje]
 93122 | D:5      | HP: 3/245 [poisoned by Quaje]
 93130 | D:5      | HP: 6/245 [poisoned by Quaje]
 93139 | D:5      | HP: 10/245 [poisoned by Quaje]
 93144 | D:4      | HP: 12/245 [poisoned by Quaje]
 93144 | D:4      | Slain by Quaje the pandemonium lord

Skill      XL: |  1  2  3  4  5  6  7  8  9 10 11 12 13 14 15 16 17 18 19 20 21 22 23 24 25 26 27 |
---------------+----------------------------------------------------------------------------------+-----
Fighting       | 4 5 6 7 8 9 11 12 13 14 16 17 18 19 20 21 22 23 24 25 27 | 27.0
Stealth        | 2 3 4 5 7 |  7.3
Axes           | 5 6 7 8 10 11 13 15 17 19 | 19.6
Dodging        | 3 4 5 6 7 8 10 11 12 13 14 15 19 | 19.8
Maces & Flails | 4 7 9 10 12 13 14 15 | 15.0
Invocations    | 1 6 9 11 13 14 16 17 18 19 20 21 22 23 24 | 24.0
Armour         | 4 7 9 11 12 13 14 16 17 18 19 20 21 22 26 | 26.7
Shields        | 4 |  4.0
Evocations     | 3 6 7 |  7.0

Action                   |  1- 3 |  4- 6 |  7- 9 | 10-12 | 13-15 | 16-18 | 19-21 | 22-24 | 25-27 || total
-------------------------+-------+-------+-------+-------+-------+-------+-------+-------+-------++-------
Melee: Hand axe          |    85 |   131 |       |       |       |       |       |       |       ||   216
       Mace              |       |    94 |   311 |       |       |       |       |       |       ||   405
       Morningstar       |       |       |    10 |   560 |  1268 |  1834 |  1584 |  1859 |  2648 ||  9763
       Headbutt          |       |       |       |       |       |       |   395 |   738 |   863 ||  1996
Throw: Stone             |       |     2 |     2 |       |       |       |       |       |       ||     4
       Tomahawk          |       |       |     3 |       |       |       |       |       |       ||     3
Invok: Upheaval          |       |       |     1 |     1 |       |       |       |       |     3 ||     5
       Elemental Force   |       |       |       |     2 |     3 |     6 |     3 |     3 |    12 ||    29
       Disaster Area     |       |       |       |       |     1 |     1 |     5 |     4 |     9 ||    20
 Abil: Evoke Blink       |       |       |       |       |       |       |       |       |    14 ||    14
Evoke: Wand              |       |       |     3 |     6 |     3 |     1 |     2 |       |     4 ||    19
  Use: Scroll            |       |     5 |     4 |     2 |    19 |    14 |    19 |     6 |    30 ||    99
       Potion            |       |     2 |     2 |     2 |     5 |     1 |    16 |     1 |    55 ||    84
 Stab: Sleeping          |     2 |       |       |       |       |       |       |       |       ||     2
       Paralysed         |       |       |       |     3 |       |       |       |       |       ||     3
       Distracted        |       |       |       |       |       |     4 |       |       |     1 ||     5
       Confused          |       |       |       |       |       |     2 |       |       |       ||     2
       Invisible         |       |       |       |       |       |     2 |       |       |       ||     2
  Eat: Ration            |     1 |       |     2 |     3 |     6 |    12 |     6 |     8 |    12 ||    50
       Chunk             |       |     6 |    10 |    16 |    26 |    21 |    20 |    18 |    36 ||   153
Armor: Robe              |    11 |       |       |       |       |       |       |       |       ||    11
       Chain mail        |     2 |   153 |   131 |    93 |       |       |       |       |       ||   379
       Plate armour      |       |       |       |   130 |   537 |   954 |   539 |   771 |   726 ||  3657
       Gold dragon scale |       |       |       |       |       |       |       |       |   569 ||   569
Dodge: Dodged            |    61 |   162 |   247 |   386 |   887 |  1568 |   913 |  1303 |  1990 ||  7517
       Deflected         |       |       |       |    16 |    10 |    26 |    92 |    85 |    90 ||   319
Block: Other             |       |    18 |    71 |   142 |   486 |   280 |       |       |       ||   997
       Buckler           |       |       |       |       |       |  1096 |  1117 |  1644 |  1815 ||  5672
